 Dungeon Crawl Stone Soup version 0.30-a0-358-g0d69a1922f (webtiles) character file.

Game seed: 8490939152615247262

4 gamesnag the Ducker (level 1, -2/10 HPs)
             Began as a Felid Berserker on Nov 10, 2022.
             Was a Follower of Trog.
             Slain by a quokka (4 damage)
             ... on level 1 of the Dungeon.
             The game lasted 00:00:39 (79 turns).

gamesnag the Ducker (Felid Berserker)                 Turns: 79, Time: 00:00:39

Health: -2/10      AC:  1    Str: 13    XL:     1   Next: 58%
Magic:  2/2        EV: 18    Int:  8    God:    Trog [*.....]
Gold:   15         SH:  0    Dex: 15    Spells: 0/0 levels left
                                        Lives:  0   Deaths: 0

rFire   . . .      SeeInvis +      - Unarmed
rCold   . . .      Faith    .    (shield unavailable)
rNeg    . . .      Spirit   .    (body armour unavailable)
rPois   .          Reflect  .    (helmet unavailable)
rElec   .          Harm     .    (cloak unavailable)
rCorr   .          Rampage  .    (gloves unavailable)
Will    .....                    (boots unavailable)
Stlth   +.........               (no amulet)
HPRegen 0.21/turn                (no ring)
MPRegen 0.08/turn                (no ring)

@: quick
A: very small, claws 1, fangs 3, see invisible, speed 1, shaggy fur 1, stealthy
paws, no weapons or thrown items, no armour, multi-lived
a: Renounce Religion, Berserk


You were on level 1 of the Dungeon.
You worshipped Trog.
Trog was aware of your devotion.
You visited 1 branch of the dungeon, and saw 1 of its levels.

You collected 15 gold pieces.

You aren't carrying anything.


   Skills:
 + Level 3.1 Fighting
 + Level 4.1 Dodging
 + Level 3.1 Unarmed Combat


You couldn't memorise any spells.
You didn't know any spells.
Your spell library was empty.

Dungeon Overview and Level Annotations

Branches:
Dungeon (1/15)

Altars:


Innate Abilities, Weirdness & Mutations

You have sharp claws.
You have razor-sharp teeth.
You have supernaturally acute eyesight. (SInv)
You cover ground quickly. (Speed+)
You are covered in fur. (AC +1)
Your paws help you pounce on unaware monsters.
You are incapable of wielding weapons or throwing items.
You cannot wear armour.
You gain extra lives every three experience levels.


Message History

You scratch the goblin but do no damage.
The goblin hits you with a +0 club.
Ouch! That really hurt!
You scratch the goblin. Your bite misses the goblin.
The goblin is heavily wounded.
You closely miss the goblin.
The goblin is heavily wounded.
The goblin barely misses you.
You scratch the goblin.
The goblin is severely wounded.
The goblin hits you with a +0 club.
You closely miss the goblin.
The goblin is severely wounded.
The endoplasm jiggles.
The goblin completely misses you.
You scratch the goblin.
You kill the goblin!
Trog accepts your kill.
You claw the ball python!
You kill the ball python!
Trog accepts your kill. The quokka closely misses you.
You scratch the endoplasm.
The endoplasm is lightly wounded.
The endoplasm hits you.
* * * LOW HITPOINT WARNING * * *
The quokka misses you.
You scratch the endoplasm.
The endoplasm is heavily wounded.
The quokka bites you.
* * * LOW HITPOINT WARNING * * *
The endoplasm misses you.
You claw the endoplasm!
You kill the endoplasm!
Trog accepts your kill. The quokka misses you.
You scratch the quokka.
The quokka is lightly wounded.
The quokka bites you.
You die...

.......................#
####~~~~~~~~..#........#
....~...........####...####
.~~~~.######..######......#
.~........ #............###
~~.####### #########.####
......... #..# ###.#
.~~~~~.## #..###...#
.~...~... #..r@..###
~~.~.~~~. #...#)###
...~...~. #..#.........
.<.~~~.~~ ##.#.........
.....~... ..#.........
.~~~.~.#. #.##.........
.~...~.# ~. #.........
~~.~~~.# .~. ...##....g
...~...# ##.# .....


You could see a quokka.

Vanquished Creatures
  An endoplasm (D:1)
  A goblin (D:1)
  A hobgoblin (D:1)
  A ball python (D:1)
4 creatures vanquished.

Notes
Turn   | Place    | Note
-------+----------+-------------------------------------------
     0 | D:1      | gamesnag the Felid Berserker began the quest for the Orb.
     0 | D:1      | Reached XP level 1. HP: 10/10 MP: 2/2
    79 | D:1      | Slain by a quokka

Illustrated notes

Levels and vault maps discovered:
D:1:      psy_arrival_radial02, layout_rooms, basic_ecumenical_altar,
          nicolae_figureground_sparkle

Action                   || total
-------------------------++-------
Melee: Unarmed           ||    15
Dodge: Dodged            ||    10

Table legend: (Time is in decaauts)
 A = Elapsed time spent in this place.
 B = Non-inter-level travel time spent in this place.
 C = Inter-level travel time spent in this place.
 D = Time resting spent in this place.
 E = Time spent auto-exploring this place.
 F = Levels seen in this place.
 G = Mean time per level.
                   A        B        C        D        E       F      G
               +--------+--------+--------+--------+--------+-----+--------+
         Total |     71 |     71 |      0 |      0 |      0 |   1 |   71.0 |
       Dungeon |     71 |     71 |      0 |      0 |      0 |   1 |   71.0 |
               +--------+--------+--------+--------+--------+-----+--------+

Top non-repeatable levels by time:
     D:1: 71 daAuts
